 Dungeon Crawl Stone Soup version 0.28-a0-1435-g82390b3a13 (webtiles) character file.

Game seed: 13365681844893469185

820 voltaire321 the Sneak (level 7, 0/64 HPs)
             Began as a Deep Dwarf Monk on Jan 10, 2022.
             Slain by a gnoll sergeant (4 damage)
             ... on level 6 of the Dungeon.
             The game lasted 00:13:37 (4942 turns).

voltaire321 the Sneak (Deep Dwarf Monk)             Turns: 4942, Time: 00:13:38

Health: 0/64       AC:  5    Str: 15    XL:     7   Next: 63%
Magic:  5/5        EV: 13    Int: 10    God:
Gold:   1221       SH:  5    Dex: 17    Spells: 6/6 levels left

rFire   . . .      SeeInvis .   j - +0 broad axe
rCold   . . .      Faith    .   k - +0 buckler
rNeg    . . .      Spirit   .   g - +0 leather armour
rPois   .          Reflect  .   (no helmet)
rElec   .          Harm     .   b - +1 cloak
rCorr   .          Rampage  .   (no gloves)
Will    ++...                   (no boots)
Stlth   +++.......              (no amulet)
HPRegen 0.00/turn               d - ring of willpower
MPRegen 0.09/turn               (no ring)

@: no status effects
A: damage resistance, heal wounds, sense surroundings 1, no regeneration
a: Heal Wounds


You were on level 6 of the Dungeon.
You visited 1 branch of the dungeon, and saw 6 of its levels.

You collected 1221 gold pieces.

Inventory:

Hand Weapons
 j - a +0 broad axe (weapon)
Missiles
 c - 5 boomerangs (quivered)
 e - 3 throwing nets
Armour
 b - a +1 cloak (worn)
 g - a +0 leather armour (worn)
 k - a +0 buckler (worn)
Jewellery
 d - a ring of willpower (left hand)
Wands
 h - a wand of iceblast (9)
Scrolls
 l - 2 scrolls of teleportation
Potions
 a - 4 potions of curing
 f - 3 potions of brilliance
 i - 2 potions of mutation
 m - 2 potions of heal wounds {unknown}
 n - 2 potions of lignification {unknown}
 p - a potion of magic {unknown}


   Skills:
 + Level 4.2 Fighting
 + Level 5.2 Axes
 + Level 3.7 Armour
 + Level 5.1 Dodging
 + Level 5.2 Stealth
 + Level 2.6 Shields


You had 6 spell levels left.
You didn't know any spells.
Your spell library contained the following spells:

 Spells                   Type           Power      Damage    Failure   Level
 Inner Flame              Hex/Fire       0%         N/A       88%         3
 Ozocubu's Armour         Ice            0%         N/A       88%         3
 Cause Fear               Hex            0%         N/A       99%         4
 Metabolic Englaciation   Hex/Ice        0%         N/A       100%        5
 Simulacrum               Ice/Necr       0%         N/A       100%        6
 Discord                  Hex            0%         N/A       100%        8


Dungeon Overview and Level Annotations

Branches:
Dungeon (6/15)             Temple (0/1) D:6

Altars:
Okawaru
Qazlal
Sif Muna


Innate Abilities, Weirdness & Mutations

You are resistant to damage.
You can heal yourself by infusing magical energy.
You passively map a small area around you.
You do not regenerate.


Message History

You hit the gnoll but do no damage. The gnoll hits you with a +0 halberd!
The gnoll sergeant hits you with a +0 vampiric spear!
The gnoll sergeant draws strength from your wounds!
You closely miss the gnoll sergeant.
The gnoll sergeant is lightly wounded.
You slash the gnoll! The gnoll misses you.
The gnoll sergeant hits you with a +0 vampiric spear!
* * * LOW HITPOINT WARNING * * *
The gnoll sergeant draws strength from your wounds!
You block the gnoll's attack. The gnoll sergeant closely misses you.
You slash the gnoll sergeant!
The gnoll sergeant is moderately wounded.
You slash the gnoll!
You kill the gnoll!
The gnoll sergeant hits you with a +0 vampiric spear.
* * * LOW HITPOINT WARNING * * *
The gnoll sergeant draws strength from your wounds!
You closely miss the gnoll sergeant.
The gnoll sergeant is moderately wounded.
The gnoll sergeant hits you with a +0 vampiric spear!
* * * LOW HITPOINT WARNING * * *
The gnoll sergeant draws strength from your wounds!
You slash the gnoll sergeant!
The gnoll sergeant is heavily wounded.
You block the gnoll sergeant's attack.
The gnoll sergeant hits you with a +0 vampiric spear.
* * * LOW HITPOINT WARNING * * *
You slash the gnoll sergeant!
The gnoll sergeant is almost dead.
You block the gnoll sergeant's attack.
You hit the gnoll sergeant.
The gnoll sergeant is almost dead.
The gnoll sergeant misses you.
The gnoll sergeant hits you with a +0 vampiric spear!
* * * LOW HITPOINT WARNING * * *
The gnoll sergeant draws strength from your wounds!
You hit the gnoll sergeant.
The gnoll sergeant is almost dead.
The gnoll sergeant hits you with a +0 vampiric spear.
You die...

*,* #.....#.....# ***** #,*
##.......#...### **,,,** #.*
#.....#.........
**,,,,>**#.####..o..###.|...##
*,,,,,,,*#..<#......##.......#
*,,,,,,,*###)#.#######.g......
*,,,,,,,* #..$$# ##......##
**,,,,,**##.)#.# ###..###...#
*,,,,,,,*#..g@.# #.o.## ###.#
*,,,,..?##.#..## #.### *..
*,,,,........).#* #.# **.
**,,,.....(.##..#*#.# *,
**,,.#...#.,,...#.o#**** *,
******#...##**.......,,,** **
**,,,,....****,........,,,**
*,,*,*###,,,,..##.......,,,*
***,,,>****,,**#**#.......o,,*


You could see a gnoll sergeant.

Vanquished Creatures
  2 ogres (D:5)
  A phantom (D:6)
  A water moccasin zombie (D:5)
  A bullfrog (D:5)
  2 hounds (D:5)
  4 orc priests (D:4)
  A gnoll shaman (D:2)
  A hound skeleton (D:5)
  10 gnolls
  4 adders
  2 worms
  2 dart slugs
  10 orcs
  3 bats
  3 endoplasms
  3 giant cockroaches
  6 goblins
  10 hobgoblins
  8 jackals
  8 kobolds
  A quokka (D:2)
  9 ball pythons
  9 frilled lizards
  3 rats
104 creatures vanquished.

Vanquished Creatures (others)
  26 plants (D:3)
26 creatures vanquished.

Grand Total: 130 creatures vanquished

Notes
Turn   | Place    | Note
-------+----------+-------------------------------------------
     0 | D:1      | voltaire321 the Deep Dwarf Monk began the quest for the
                  | Orb.
     0 | D:1      | Reached XP level 1. HP: 20/20 MP: 1/1
   327 | D:1      | Reached XP level 2. HP: 21/27 MP: 2/2
   602 | D:1      | Reached skill level 1 in Armour
   977 | D:2      | Reached XP level 3. HP: 12/34 MP: 3/3
  1163 | D:2      | Reached XP level 4. HP: 9/42 MP: 4/4
  1834 | D:2      | Identified the +2 dagger of Pain and Death {holy, Int+3
                  | Dex+4}
  2103 | D:2      | Reached XP level 5. HP: 17/49 MP: 5/5
  2762 | D:3      | Found an iron altar of Okawaru.
  3107 | D:4      | Identified a scroll of acquirement
  3107 | D:4      | Acquired 1031 gold pieces
  3261 | D:4      | Reached skill level 1 in Shields
  3413 | D:4      | Reached XP level 6. HP: 39/56 MP: 5/5
  3438 | D:4      | Found a stormy altar of Qazlal.
  3483 | D:4      | Found a shimmering blue altar of Sif Muna.
  3883 | D:5      | Entered Level 5 of the Dungeon
  4032 | D:5      | Reached XP level 7. HP: 29/63 MP: 6/6
  4358 | D:5      | Reached skill level 5 in Axes
  4389 | D:5      | Reached skill level 5 in Dodging
  4389 | D:5      | Reached skill level 5 in Stealth
  4942 | D:6      | Slain by a gnoll sergeant

Illustrated notes

Levels and vault maps discovered:
D:1:      wheals_arrival_shading, layout_basic, minmay_splitting_lines
D:2:      layout_basic
D:3:      layout_loops_corners, okawaru_metal_pillars_3, serial_bayou,
          serial_bayou_lake_a, serial_bayou_shore_b, serial_bayou_lagoon_b,
          serial_bayou_pond_d, nicolae_grassy_gnolls
D:4:      layout_loops_ring, nicolae_qazlal_general_emergency,
          lemuel_blue_sif_altar
D:5:      layout_loops_ring
D:6:      layout_rooms, minmay_temple_entry_overgrown

Skill      XL: |  1  2  3  4  5  6  7 |
---------------+----------------------+-----
Armour         | 1 2 3 |  3.7
Fighting       | 3 4 |  4.2
Stealth        | 3 4 5 |  5.2
Axes           | 4 5 |  5.2
Dodging        | 4 5 |  5.1
Shields        | 1 2 |  2.6

Action                   |  1- 3 |  4- 6 |  7- 9 || total
-------------------------+-------+-------+-------++-------
Melee: Hand axe          |    86 |    21 |       ||   107
       Broad axe         |       |   143 |    64 ||   207
Throw: Boomerang         |     9 |    12 |     6 ||    27
 Abil: Heal Wounds       |     1 |     7 |     4 ||    12
  Use: Scroll            |       |     8 |     3 ||    11
 Stab: Sleeping          |    10 |    13 |     1 ||    24
Armor: Robe              |     6 |    10 |       ||    16
       Leather armour    |       |     3 |     7 ||    10
Dodge: Dodged            |    43 |   140 |    50 ||   233
Block: Buckler           |       |     7 |    24 ||    31

Table legend: (Time is in decaauts)
 A = Elapsed time spent in this place.
 B = Non-inter-level travel time spent in this place.
 C = Inter-level travel time spent in this place.
 D = Time resting spent in this place.
 E = Time spent auto-exploring this place.
 F = Levels seen in this place.
 G = Mean time per level.
                   A        B        C        D        E       F      G
               +--------+--------+--------+--------+--------+-----+--------+
         Total |   5119 |   4910 |    209 |    608 |   2899 |   6 |  853.2 |
       Dungeon |   5119 |   4910 |    209 |    608 |   2899 |   6 |  853.2 |
               +--------+--------+--------+--------+--------+-----+--------+

Top non-repeatable levels by time:
     D:3: 1235 daAuts
     D:2: 1022 daAuts
     D:1: 979 daAuts
     D:5: 928 daAuts
     D:4: 822 daAuts
     D:6: 132 daAuts
